 Dungeon Crawl Stone Soup version 0.27.1-33-g824d729ab1 (webtiles) character file.

Game seed: 11145071563687373046

16 jlumianski the Skirmisher (level 2, -4/19 HPs)
             Began as a Gargoyle Monk on Dec 19, 2021.
             Slain by a gnoll (7 damage)
             ... on level 1 of the Dungeon.
             The game lasted 00:02:25 (607 turns).

jlumianski the Skirmisher (Gargoyle Monk)            Turns: 607, Time: 00:02:26

Health: -4/19      AC:  9    Str: 14    XL:     2   Next: 58%
Magic:  2/2        EV: 11    Int: 10    God:
Gold:   20         SH:  0    Dex: 12    Spells: 0/1 levels left

rFire    . . .     SeeInvis .   a - +0 hand axe
rCold    . . .     Faith    .   (no shield)
rNeg     + . .     Spirit   .   i - +0 ring mail
rPois    ∞         Reflect  .   (no helmet)
rElec    +         Harm     .   e - +1 cloak
rCorr    .         Rampage  .   (no gloves)
Will     .....                  (no boots)
Stlth    +.........             (no amulet)
HPRegen  0.06/turn              (no ring)
MPRegen  0.08/turn              (no ring)

@: no status effects
A: sickness immunity, AC +2, negative energy resistance 1, electricity
resistance, torment resistance 1, petrification resistance
a: no special abilities


You were on level 1 of the Dungeon.
You visited 1 branch of the dungeon, and saw 2 of its levels.

You collected 20 gold pieces.

Inventory:

Hand Weapons
 a - a +0 hand axe (weapon)
Missiles
 d - 6 poisoned darts (quivered)
 h - 4 stones
Armour
 b - a +0 robe
 e - a +1 cloak (worn)
 f - a +0 leather armour
 i - a +0 ring mail (worn)
Scrolls
 g - 2 scrolls of magic mapping {unknown}
 k - a scroll of identify {unknown}
Potions
 c - a potion of lignification {unknown}
 j - a potion of might {unknown}


   Skills:
 + Level 3.5 Fighting
 + Level 3.0 Axes
 + Level 2.7 Dodging
 + Level 2.2 Stealth


You couldn't memorise any spells.
You knew the following spells:

 Your Spells              Type           Power      Damage    Failure   Level
a - Foxfire               Conj/Fire      0%         2x1d4     61%         1

Your spell library contained the following spells:

 Spells                   Type           Power      Damage    Failure   Level
 Conjure Flame            Conj/Fire      0%         6-21      93%         3
 Inner Flame              Hex/Fire       0%         N/A       93%         3


Dungeon Overview and Level Annotations

Branches:
Dungeon (2/15)

Altars:


Innate Abilities, Weirdness & Mutations

You are immune to sickness and miasma.
Your stone body is resilient. (AC +2)
You are immune to poison.
You resist negative energy. (rN+)
You are resistant to electric shocks. (rElec)
You are resistant to unholy torment.
You are immune to petrification.


Message History

d - 7 poisoned darts (gained 1) Unknown command.
Unknown command.
Casting: Foxfire (safe; 61% risk of failure)
Confirm with . or Enter, or press ? or * to list all spells.
Okay, then.
Unknown command.
Found 11 gold pieces.
A gnoll comes into view. It is wielding a +0 club.
The gnoll shouts!
A gnoll is nearby!
You see here 11 gold pieces.
You now have 20 gold pieces (gained 11).
Throw: 7 darts (poison)
Press: ? - help, Q - select action, (/) - cycle Shift-Dir - straight line, f - gnoll
Aim: a gnoll, wielding a +0 club (61% to hit)
You throw a poisoned dart. The poisoned dart hits the gnoll.
The gnoll barely misses you. The gnoll hits you but does no damage.
You hit the gnoll but do no damage. The gnoll hits you with a +0 club.
You hit the gnoll.
The gnoll is moderately wounded.
The gnoll hits you with a +0 club.
You completely miss the gnoll.
The gnoll is moderately wounded.
The gnoll barely misses you.
You hit the gnoll.
The gnoll is moderately wounded.
The gnoll hits you but does no damage.
You hit the gnoll.
The gnoll is heavily wounded.
The gnoll hits you with a +0 club.
You hit the gnoll.
The gnoll is severely wounded.
The gnoll hits you with a +0 club.
* * * LOW HITPOINT WARNING * * *
You hit the gnoll but do no damage.
The gnoll is severely wounded.
The gnoll hits you with a +0 club!
You die...

#.# #.#
#.# #.#
#.# #.#
#.#.# #
#.#.# ..
#.#@# ...
#.#g#
....##.#.#
....8..♣.#
.........#
.........#
.∩.....∩.#
.....(...#
.........#


You could see a gnoll.

Vanquished Creatures
  A giant cockroach (D:1)
  A goblin (D:1)
  A hobgoblin (D:1)
  3 quokkas
  4 bats (D:1)
  A frilled lizard (D:2)
  A kobold (D:1)
  3 rats (D:1)
15 creatures vanquished.

Notes
Turn   | Place    | Note
-------+----------+-------------------------------------------
     0 | D:1      | jlumianski the Gargoyle Monk began the quest for the Orb.
     0 | D:1      | Reached XP level 1. HP: 14/14 MP: 1/1
   163 | D:1      | Reached XP level 2. HP: 19/19 MP: 2/2
   339 | D:1      | Learned a level 1 spell: Foxfire
   607 | D:1      | Slain by a gnoll

Illustrated notes

Levels and vault maps discovered:
D:1:      dpeg_arrival_simpleton_b, layout_basic,
          hellmonk_ecumenical_altar_arch_garden, st_stairs_11, minivault_11,
          minmay_split_cup_large
D:2:      layout_loops_cross

Skill      XL: |  1  2 |
---------------+-------+-----
Axes           | 3 |  3.0
Fighting       | |  3.5
Dodging        | |  2.7
Stealth        | |  2.2

Action                   || total
-------------------------++-------
Melee: Hand axe          ||    43
Throw: Dart              ||     2
Armor: Robe              ||    10
       Ring mail         ||    11
Dodge: Dodged            ||    30
